 Dungeon Crawl Stone Soup version 0.20.0-15-g7f486f2 (webtiles) character file.

28 Chiseanne the Skirmisher (level 3, 15/33 HPs)
             Began as a Demonspawn Wanderer on June 22, 2017.
             Quit the game on level 1 of the Dungeon.
             The game lasted 00:01:12 (424 turns).

Chiseanne the Skirmisher (Demonspawn Wanderer)       Turns: 424, Time: 00:01:13

Health: 15/33      AC:  3    Str: 12    XL:     3   Next: 0%
Magic:  3/3        EV: 13    Int: 12    God:
Gold:   17         SH:  4    Dex: 14    Spells: 2/2 levels left

rFire    . . .     SeeInvis .   a - +2 short sword (freeze)
rCold    . . .     Gourm    .   (no shield)
rNeg     . . .     Faith    .   d - +0 robe
rPois    .         Spirit   .   (helmet restricted)
rElec    .         Reflect  .   (no cloak)
rCorr    .         Harm     .   (no gloves)
MR       .....                  g - +0 pair of boots
Stlth    ++........             (no amulet)
Regen    0.2/turn               (no ring)
MPRegen  0.1/turn               (no ring)

@: no status effects
A: antennae 1, large bone plates 1
a: no special abilities


You were on level 1 of the Dungeon.
You were not hungry.

You visited 1 branch of the dungeon, and saw 1 of its levels.

You collected 17 gold pieces.

Inventory:

Hand Weapons
 a - a +2 short sword of freezing (weapon)
Missiles
 e - 17 poisoned needles
 h - 14 sling bullets
 j - 41 stones (quivered)
Armour
 d - a +0 robe (worn)
 g - a +0 pair of boots (worn)
Scrolls
 k - a scroll of amnesia {unknown}
Potions
 b - a potion of lignification
 c - a potion of curing
Comestibles
 f - a bread ration
 i - 2 chunks of flesh


   Skills:
 * Level 5.3 Fighting
 - Level 1.0 Throwing
 * Level 3.3 Dodging
 - Level 1.0 Stealth


You had 2 spell levels left.
You didn't know any spells.

Dungeon Overview and Level Annotations

Branches:
Dungeon (1/15)

Altars:


Innate Abilities, Weirdness & Mutations

You have a pair of small antennae on your head.
You are partially covered in large bone plates. (SH +4)


Message History

The hobgoblin is heavily wounded.
The hobgoblin completely misses you.
You hit the hobgoblin. You freeze the hobgoblin.
You kill the hobgoblin!
The goblin closely misses you. The bat hits you but does no damage.
A bat comes into view.
The bat moves out of view.
The bat closely misses you.
You see here a +2 spear.
You closely miss the goblin. The goblin hits you but does no damage.
You barely miss the goblin. The goblin barely misses you.
You barely miss the goblin. The bat hits you. You block the goblin's attack.
You hit the goblin. You freeze the goblin.
You kill the goblin!
You have reached level 3!
Your experience leads to an increase in your attributes!
Increase (S)trength, (I)ntelligence, or (D)exterity?
You feel clever.
Your demonic ancestry asserts itself...
A pair of antennae grows on your head! You block the bat's attack.
The bat hits you but does no damage.
Are you sure you want to abandon this character and quit the game? (Confirm with "yes".)

###⌠####...............
++⌠<⌠++..8..÷.########.
###⌠####..#...# ..
..#'#..##...÷.# ..[
........#....## ....
##...#....#...# #....
####....###...######.....
###..#### #....).#......
....## #...#.@b..# .
.#### ##..#..b.### ... .#
#....##)#.#.>... ##
#...##..w)..w...
#....##⌠⌠⌠##....
...##....⌠.?# . ....
#.#%#.## .... #.###.. #
.##


You could see a dart slug and 2 bats.

Vanquished Creatures
  An ooze (D:1)
  A dart slug (D:1)
  2 leopard geckos (D:1)
  2 giant cockroaches (D:1)
  A hobgoblin (D:1)
  A kobold (D:1)
  A ball python (D:1)
  3 bats (D:1)
  A frilled lizard (D:1)
  4 goblins (D:1)
  4 rats (D:1)
21 creatures vanquished.

Notes
Turn   | Place    | Note
-------+----------+-------------------------------------------
     0 | D:1      | Chiseanne the Demonspawn Wanderer began the quest for the Orb.
     0 | D:1      | Chiseanne set off with: a +2 spear, a potion of lignification, a potion of curing, a +0 robe, a bread ration
     0 | D:1      | Reached XP level 1. HP: 21/21 MP: 1/1
    88 | D:1      | Gained mutation: You are partially covered in large bone plates. (SH +4) [demonic ancestry]
    88 | D:1      | Reached XP level 2. HP: 13/27 MP: 2/2
   423 | D:1      | Gained mutation: You have a pair of small antennae on your head. [demonic ancestry]
   423 | D:1      | Reached XP level 3. HP: 15/33 MP: 3/3
   424 | D:1      | Quit the game

Skill      XL: |  1  2 |
---------------+-------+-----
Dodging        | 3 |  3.3
Fighting       | |  5.3
Throwing       | |  1.0
Stealth        | |  1.0

Action                   || total
-------------------------++-------
Melee: Spear             ||    51
       Short sword       ||     7
Armor: Robe              ||    17
Dodge: Dodged            ||    30
Block: Other             ||     5
